 Dungeon Crawl Stone Soup version 0.19-a0-1401-g902f63d (webtiles) character file.

14939 Amnesiac the Fighter (level 11, -8/96 HPs)
             Began as a Mummy Wanderer on Sept 4, 2016.
             Was an Initiate of Ashenzari.
             Killed from afar by an orc sorcerer (13 damage)
             ... with a bolt of fire
             ... on level 2 of the Orcish Mines on Sept 5, 2016.
             The game lasted 00:23:54 (12982 turns).

Amnesiac the Fighter (Mummy Wanderer)              Turns: 12982, Time: 00:23:55

Health: -8/96      AC: 14    Str: 19    XL:     11   Next: 95%
Magic:  0/11       EV:  5    Int: 11    God:    Ashenzari [......]
Gold:   1060       SH:  4    Dex: 12    Spells: 0 memorised, 10 levels left

rFire  . . .     SeeInvis .     I - +2 short sword (drain) (curse)
rCold  . . .     Gourm    .     h - +0 plate armour (curse)
rNeg   + + +     Faith    .     M - +0 buckler (curse)
rPois  ∞         Spirit   +     K - +2 hat {Spirit} (curse)
rElec  .         Dismiss  .     (no cloak)
rCorr  .         Reflect  .     (no gloves)
MR     +....     Harm     .     r - +1 pair of boots (curse)
Stlth  ..........               (no amulet)
                                F - ring of loudness (curse)
                                u - ring of fire (curse)

@: no status effects
A: no food or potions, fire vulnerability, cold resistance 1, negative energy
resistance 3, torment resistance, unbreathing
a: Curse Item, Renounce Religion


You were on level 2 of the Orcish Mines.
You worshipped Ashenzari.
Ashenzari was noncommittal.
You were not hungry.

You visited 3 branches of the dungeon, and saw 12 of its levels.

You collected 1060 gold pieces.

Inventory:

Hand Weapons
 b - a +0 hand crossbow
 q - a +0 short sword of protection
 G - a +4 scimitar of flaming
 I - a cursed +2 short sword of draining (weapon)
 N - a +0 lajatang
Missiles
 c - 109 bolts
Armour
 h - a cursed +0 plate armour (worn)
 r - a cursed +1 pair of boots (worn)
 K - a cursed +2 hat of spirit shield (worn)
 M - a cursed +0 buckler (worn)
Magical Staves
 j - an uncursed staff of cold
Jewellery
 i - an uncursed ring of protection from cold
 l - an uncursed ring of flight
 p - an uncursed ring of see invisible
 u - a cursed ring of fire (left hand)
 E - an uncursed ring of magical power
 F - a cursed ring of loudness (right hand)
Wands
 x - a wand of paralysis (5/24)
 B - a wand of lightning (5/15)
 C - a wand of confusion (24/48)
 D - a wand of iceblast (2/15)
 J - a wand of acid (3/15)
Scrolls
 d - 4 scrolls of teleportation
 e - a scroll of vulnerability {unknown}
 f - 3 scrolls of enchant armour
 g - 5 scrolls of identify {unknown}
 k - 2 scrolls of remove curse
 n - 3 scrolls of enchant weapon {unknown}
 o - 2 scrolls of fog {unknown}
 s - 2 scrolls of amnesia {unknown}
 t - 2 scrolls of magic mapping {unknown}
 v - 3 scrolls of recharging {unknown}
 w - 2 scrolls of noise {unknown}
 z - 2 scrolls of immolation {unknown}
 A - a scroll of summoning {unknown}
 L - a scroll of torment {unknown}
Books
 y - Sif Muna's Grimoire of Glacial Execration
   (You found it on level 6 of the Dungeon)

   Spells                             Type                      Level
   a - Confuse                        Hexes                        3
   b - Gell's Gravitas                Hexes/Translocation          3
   c - Bolt of Cold                   Conjuration/Ice              6
   d - Invisibility                   Hexes                        6
 H - a Grand Grimoire

   Spells                             Type                      Level
   a - Monstrous Menagerie            Summoning                    7
   b - Summon Greater Demon           Summoning                    7
   c - Malign Gateway                 Summoning/Translocation      7
   d - Summon Horrible Things         Summoning                    8


   Skills:
 - Level 12.7 Fighting
 - Level 12.0 Short Blades
 - Level 2.0 Crossbows
 - Level 1.0 Throwing
 - Level 1.2 Armour
 + Level 3.0 Shields
 - Level 2.0 Unarmed Combat
 - Level 1.0 Evocations


You had 10 spell levels left.
You didn't know any spells.

Dungeon Overview and Level Annotations

Branches:
Dungeon (9/15)             Temple (1/1) D:5            Lair (0/6) D:8
    Orc (2/2) D:9
    Elf: Orc:2

Altars:
Ashenzari
Cheibriados
Dithmenos
Elyvilon
Fedhas
Gozag
Hepliaklqana
Kikubaaqudgha
Makhleb
Nemelex Xobeh
Okawaru
Qazlal
Ru
Sif Muna
Trog
Uskayaw
Vehumet
Xom
Yredelemnul
Zin
The Shining One

Shops:
D:6 %   Orc:1 *

Annotations:
D:4 Ishikai's ghost, novice DsGl
Orc:1 Josephine


Innate Abilities, Weirdness & Mutations

You do not eat or drink.
Your flesh is vulnerable to fire.
You are immune to poison.
Your flesh is cold resistant. (rC+)
You are immune to negative energy. (rN+++)
You are immune to unholy pain and torment.
You can survive without breathing.


Message History

The orc sorcerer easily resists.
Evoking this partially-identified wand wasted a few charges.
Evoke which item? (* to show all) (? for menu, Esc to quit)
Zapping:
x - a wand of paralysis {zapped: 3} (will waste charges)
Press: ? - help, Shift-Dir - straight line, f/p - orc sorcerer
Aim: an orc sorcerer, wielding a dagger and wearing a robe (chance to defeat MR: 30%)
The orc sorcerer easily resists.
Evoking this partially-identified wand wasted a few charges.
The orc sorcerer points at you and mumbles some strange words.
The bolt of fire hits you!
* * * LOW HITPOINT WARNING * * *
Evoke which item? (* to show all) (? for menu, Esc to quit)
Okay, then.
The orc sorcerer hits you but does no damage.
Items here: )) [[ † a +0 battleaxe; a +0 plate armour; a +0 dire flail; a +0 chain mail an orc corpse The orc sorcerer casts a spell at you.
The bolt of fire hits you!
You die...

#............##
#...#.)......##
#...#.$.......## ##
#...........#
##.####)...........##
#....#....#.)##.....#
##..oo.(.##...# ....
###)#.#####.## ...#
##@..# ##.###..##
#...# #...##...##
##.## ##..#...#.. ###
#......... ##.#......
#...#..... ##.###..#.
### #.... ##.##


You could see an orc sorcerer.

Vanquished Creatures
  Gastronok (D:9)
  An ettin (Orc:2)
  Erica (D:8)
  Pikel (D:6)
  3 orc sorcerers
  A troll (D:9)
  Prince Ribbit (D:8)
  A wraith (D:9)
  Eustachio (D:5)
  12 yaks
  3 hogs (D:7)
  Grum (D:8)
  A human (D:7)
  2 hungry ghosts
  4 wargs
  A water moccasin (D:6)
  2 sky beasts
  4 ice beasts
  11 orc warriors
  2 black bears
  4 slaves (D:6)
  A phantom (D:8)
  9 ogres
  2 wolves (D:8)
  3 centaurs
  2 crocodiles
  A big kobold (D:8)
  3 giant frogs
  A wyvern skeleton (D:6)
  3 scorpions
  6 killer bees (D:8)
  5 wights (D:9)
  11 crimson imps
  A quasit (D:7)
  11 orc priests
  A giant frog skeleton (D:7)
  7 hounds
  12 orc wizards
  A centaur skeleton (D:9)
  2 jellies (D:9)
  5 iguanas
  4 worker ants
  A killer bee zombie (D:9)
  3 hound zombies
  Robin (D:2)
  14 adders
  2 river rats (D:8)
  5 shadow imps
  2 white imps (D:8)
  3 adder skeletons
  6 worms
  2 dart slugs (D:1)
  14 giant geckos
  67 orcs
  15 bats
  4 giant cockroaches
  12 goblins
  7 hobgoblins
  14 jackals
  3 quokkas
  2 ball pythons
  9 giant newts
  8 kobolds
  A quokka skeleton (D:9)
  15 rats
359 creatures vanquished.

Vanquished Creatures (others)
  A wolf (D:8)
  2 orc wizards
  An adder (D:6)
  3 orcs (D:6)
  17 fungi (D:8)
  11 plants
35 creatures vanquished.

Grand Total: 394 creatures vanquished

Notes
Turn   | Place    | Note
-------+----------+-------------------------------------------
     0 | D:1      | Amnesiac the Mummy Wanderer began the quest for the Orb.
     0 | D:1      | Amnesiac set off with: 2 scrolls of blinking, a +0 hand crossbow, 27 bolts, a scroll of teleportation, a +0 robe
     0 | D:1      | Reached XP level 1. HP: 21/21 MP: 1/1
   199 | D:1      | Reached XP level 2. HP: 27/27 MP: 2/2
   631 | D:2      | Reached XP level 3. HP: 33/33 MP: 3/3
   645 | D:2      | Noticed Robin
   670 | D:2      | Killed Robin
   730 | D:2      | Reached XP level 4. HP: 39/40 MP: 4/4
  1658 | D:3      | Reached skill level 1 in Crossbows
  1951 | D:3      | Reached XP level 5. HP: 38/46 MP: 5/5
  2146 | D:4      | Noticed Ishikai's ghost (novice DsGl)
  2319 | D:4      | Reached skill level 1 in Short Blades
  2414 | D:4      | Reached XP level 6. HP: 49/52 MP: 6/6
  3346 | D:5      | Entered Level 5 of the Dungeon
  3425 | D:4      | Reached XP level 7. HP: 32/58 MP: 7/7
  3732 | D:5      | Reached skill level 5 in Short Blades
  3980 | D:5      | Found a stormy altar of Qazlal.
  4027 | D:5      | Noticed Eustachio
  4124 | D:5      | Killed Eustachio
  4454 | D:5      | Reached XP level 8. HP: 34/64 MP: 8/8
  4482 | D:5      | Found a staircase to the Ecumenical Temple.
  4687 | Temple   | Entered the Ecumenical Temple
  4853 | D:6      | Found Abankube's Food Shop.
  4878 | D:6      | Found a sacrificial altar of Ru.
  4907 | D:6      | Noticed Pikel
  4947 | D:6      | Killed Pikel
  5327 | D:6      | Reached XP level 9. HP: 69/69 MP: 9/9
  5373 | D:6      | Identified Sif Muna's Grimoire of Glacial Execration
  5548 | D:6      | Found an opulent altar of Gozag.
  5548 | D:6      | Found a deep blue altar of Sif Muna.
  5549 | D:6      | Found a blossoming altar of Fedhas.
  6013 | D:6      | Reached skill level 10 in Short Blades
  6482 | D:7      | Reached XP level 10. HP: 20/76 MP: 10/10
  6960 | D:7      | Noticed an orc sorcerer
  6961 | D:7      | Noticed a sun demon
  7499 | D:7      | Killed an orc sorcerer
  7699 | D:8      | Noticed a moth of wrath
  7701 | D:8      | Found a bloodstained altar of Trog.
  8490 | D:8      | Noticed Prince Ribbit
  8519 | D:8      | Killed Prince Ribbit
  8769 | D:8      | Noticed Grum
  8770 | D:8      | Noticed Erica
  8789 | D:8      | Killed Erica
  8930 | D:8      | Killed Grum
  9153 | D:8      | Reached XP level 11. HP: 37/89 MP: 11/11
  9406 | D:8      | Found a staircase to the Lair.
  9581 | D:9      | Reached skill level 10 in Fighting
  9634 | D:9      | Noticed Gastronok
  9670 | D:9      | Killed Gastronok
  9923 | D:9      | Found a staircase to the Orcish Mines.
 10419 | D:9      | Found a shattered altar of Ashenzari.
 10901 | D:9      | Became a worshipper of Ashenzari the Shackled
 11411 | D:9      | Reached skill level 1 in Shields
 11436 | Orc:1    | Entered Level 1 of the Orcish Mines
 11436 | Orc:1    | Noticed an orc sorcerer
 11453 | D:9      | Noticed a sixfirhy
 11479 | D:9      | Noticed a sixfirhy
 11496 | D:9      | HP: 2/95 [red devil/demon trident of electrocution[an orc sorcerer] (10)]
 11498 | D:9      | Killed an orc sorcerer
 12151 | Orc:1    | Noticed an orc sorcerer
 12153 | Orc:1    | Noticed an orc warlord
 12167 | Orc:1    | Killed an orc sorcerer
 12173 | Orc:1    | HP: 1/96 [orc/flail[an orc warlord] (13)]
 12174 | Orc:1    | Found Staydy's Superlative Supplies.
 12174 | Orc:1    | Noticed Josephine
 12186 | Orc:1    | You fall through a shaft!
 12186 | Orc:2    | Entered Level 2 of the Orcish Mines
 12588 | Orc:2    | Noticed an ettin
 12618 | Orc:2    | Killed an ettin
 12971 | Orc:2    | Noticed an orc sorcerer
 12980 | Orc:2    | HP: 4/96 [orc sorcerer/bolt of fire (8)]
 12982 | Orc:2    | Killed from afar by an orc sorcerer

Vault maps used:
D:1:      erik_arrival_blinker_ship
D:2:      uniq_robin
D:3:      kennysheep_another_room, kennysheep_generic_room_11
D:4:      minmay_lizard_king
D:5:      grunt_qazlal_clouds, first_bread, uniq_eustachio
D:6:      nicolae_overflow_crystal_walls, gammafunk_temple_overflow_claw,
          serial_shops, nicolae_shop_stone, minivault_10,
          kennysheep_pointless_box, uniq_pikel
D:7:      lemuel_castle_with_subvaults, grunt_livestock
D:8:      tgw_trog, grunt_lair_entry_orc_guard_hut, minmay_nine_imps, uniq_grum,
          uniq_prince_ribbit1, uniq_erica
D:9:      nicolae_ashenzari_panopticon, hiddenorc2_lemuel, uniq_gastronok
Temple:   eino_temple_lava
Orc:1:    nicolae_alphabet_shops, uniq_josephine
Orc:2:    pf_orc_diabolical

Skill      XL: |  1  2  3  4  5  6  7  8  9 10 11 |
---------------+----------------------------------+-----
Unarmed Combat | 2 |  2.0
Fighting       | 6 9 12 | 12.7
Crossbows      | 2 |  2.0
Short Blades   | 2 4 6 8 11 12 | 12.0
Shields        | 3 |  3.0
Throwing       | |  1.0
Armour         | |  1.2
Evocations     | |  1.0

Action                   |  1- 3 |  4- 6 |  7- 9 | 10-12 || total
-------------------------+-------+-------+-------+-------++-------
Melee: Short sword       |       |   253 |   702 |  1212 ||  2167
       Punch             |       |       |     4 |     3 ||     7
 Fire: Hand crossbow     |    83 |    68 |       |       ||   151
Invok: Curse Item        |       |       |       |     6 ||     6
Evoke: Wand              |       |       |       |     3 ||     3
  Use: Scroll            |       |     1 |       |     2 ||     3
 Stab: Distracted        |       |       |     1 |       ||     1
Armor: Robe              |     4 |       |       |       ||     4
       Plate armour      |    20 |   223 |   371 |   492 ||  1106
Dodge: Dodged            |    27 |    69 |   129 |   166 ||   391
Block: Buckler           |       |       |       |    29 ||    29
